 Dungeon Crawl Stone Soup version 0.14.0-7-g2801ba0 (webtiles) character file.

120 Qrupt the Chopper (level 4, -5/33 HPs)
             Began as a Human Gladiator on Apr 13, 2014.
             Slain by Crazy Yiuf
             ... wielding a +4,+3 quarterstaff of chaos
              (6 damage)
             ... while paralysed by a potion of paralysis
             ... on Level 2 of the Dungeon.
             The game lasted 00:04:33 (1902 turns).

Qrupt the Chopper (Human Gladiator)                 Turns: 1902, Time: 00:04:35

HP  -5/33        AC  5     Str 16      XL: 4   Next: 41%
MP   4/4         EV  2     Int  8      God:
Gold 52          SH  0     Dex 14      Spells:  0 memorised,  3 levels left

rFire  . . .     SeeInvis .     a - +0 war axe
rCold  . . .     Clarity  .     b - +0 leather armour
rNeg   . . .     Conserve .     (no shield)
rPois  .         rCorr    .     c - +0 helmet
rElec  .         rRot     .     (no cloak)
SustAb . .       Spirit   .     e - +0 pair of gloves
rMut   .         Warding  .     (no boots)
Saprov . . .     Stasis   .     (no amulet)
MR     .....                    (no ring)
                                (no ring)

@: paralysed, drained, not resistant to hostile enchantments, unstealthy
A: no striking features
a: no special abilities


You were on level 2 of the Dungeon.
You were not hungry.

You visited 1 branch of the dungeon, and saw 2 of its levels.

You collected 52 gold pieces.

Inventory:

Hand weapons
 a - a +0,+0 war axe (weapon)
Missiles
 i - 17 poisoned needles
Armour
 b - a +0 leather armour (worn)
 c - a +0 helmet (worn)
 e - a +0 pair of gloves (worn)
Magical devices
 d - a wand of magic darts (0)
Comestibles
 f - 2 bread rations
 n - a pear
Scrolls
 j - 2 scrolls of amnesia {unknown}
 k - a scroll of blinking {unknown}
 m - a scroll of enchant armour {unknown}
 o - a scroll of immolation {unknown}
 p - a scroll of recharging {unknown}
Potions
 l - a potion of haste


   Skills:
 - Level 2.0(0.9) Fighting
 + Level 4.9(3.7) Axes
 - Level 2.0(0.9) Throwing
 - Level 3.0(1.9) Dodging


You had 3 spell levels left.
You didn't know any spells.

Dungeon Overview and Level Annotations

Branches:
Dungeon (2/15)

Altars:

Annotations:
D:2 Crazy Yiuf


Message History

You barely miss Crazy Yiuf.
Crazy Yiuf is severely wounded.
Crazy Yiuf hits you with a quarterstaff of chaos!
* * * LOW HITPOINT WARNING * * *
Crazy Yiuf freezes you.
* * * LOW HITPOINT WARNING * * *
Throwing (i - inventory):
g - a throwing net (quivered)
Press: ? - help, Shift-Dir - straight line, f/p - Crazy Yiuf
Aim: Crazy Yiuf, wielding a quarterstaff of chaos and wearing a cloak (severely wounded)
You throw a throwing net. The throwing net misses Crazy Yiuf.
Crazy Yiuf drinks a potion.
Crazy Yiuf is healed!
Firing (i - inventory): No suitable missiles.
Press: ? - help, Shift-Dir - straight line, f/p - Crazy Yiuf
Aim: Crazy Yiuf, wielding a quarterstaff of chaos and wearing a cloak (heavily wounded)
Okay, then.
Drink which item? (? for menu, Esc to quit)
You suddenly lose the ability to move!
It was a potion of paralysis.
Crazy Yiuf cries, "Spliff green shoe!"
Crazy Yiuf hits you with a quarterstaff of chaos.
You die...

#♣♣♣♣♣♣ ##♣♣♣♣♣♣
###...♣.♣♣♣
######......♣..♣
########........@g♣♣♣♣.....
.#............#..♣♣♣♣ .
.'.#####......##♣♣♣♣ )###
#......##♣♣♣ .# #......# ##
##.##### ####### #..#
#.....# ##.# ####'## #.#
#.#


You could see Crazy Yiuf.

Vanquished Creatures
  Ijyb (D:2)
  3 adders (D:2)
  2 oozes (D:1)
  6 bats
  4 goblins
  3 hobgoblins (D:1)
  A giant cockroach (D:1)
  3 giant newts
  2 kobolds
  2 rats (D:1)
27 creatures vanquished.

Notes
Turn   | Place    | Note
--------------------------------------------------------------
     0 | D:1      | Qrupt, the Human Gladiator, began the quest for the Orb.
     0 | D:1      | Reached XP level 1. HP: 16/16 MP: 1/1
    73 | D:1      | Reached XP level 2. HP: 9/22 MP: 2/2
   496 | D:1      | HP: 1/22 [ooze (4)]
   932 | D:2      | Reached skill level 4 in Axes
   932 | D:2      | Reached XP level 3. HP: 27/27 MP: 3/3
   978 | D:2      | Noticed Ijyb
  1385 | D:2      | Reached XP level 4. HP: 20/33 MP: 4/4
  1560 | D:2      | Killed Ijyb
  1884 | D:2      | Noticed Crazy Yiuf
  1900 | D:2      | HP: 1/33 [Crazy Yiuf/quarterstaff of chaos (5)]
  1902 | D:2      | Paralysed by a potion of paralysis for 6 turns
  1902 | D:2      | Slain by Crazy Yiuf

Action                   |  1- 3 |  4- 6 || total
-------------------------+-------+-------++-------
Melee: War axe           |    86 |    28 ||   114
Throw: Throwing net      |       |     5 ||     5
  Use: Potion            |       |     3 ||     3
 Stab: Held in net/web   |       |     1 ||     1
